 Dungeon Crawl Stone Soup version 0.29-a0-575-g0dc89cf053 (webtiles) character file.

Game seed: 12671171442618363633

97 DocClef the Covert (level 4, -2/41 HPs)
             Began as a Gnoll Delver on June 12, 2022.
             Slain by a gnoll
             ... wielding a +0 club
              (3 damage)
             ... on level 5 of the Dungeon.
             The game lasted 00:00:15 (250 turns).

DocClef the Covert (Gnoll Delver)                    Turns: 250, Time: 00:00:15

Health: -2/41      AC:  3    Str: 11    XL:     4   Next: 68%
Magic:  5/5        EV: 13    Int:  9    God:
Gold:   0          SH:  0    Dex: 16    Spells: 5/5 levels left

rFire   . . .      SeeInvis .   a - +0 short sword
rCold   . . .      Faith    .   (no shield)
rNeg    . . .      Spirit   .   b - +0 leather armour
rPois   .          Reflect  .   (no helmet)
rElec   .          Harm     .   (no cloak)
rCorr   .          Rampage  .   (no gloves)
Will    .....                   (no boots)
Stlth   ++++......              (no amulet)
HPRegen 0.13/turn               (no ring)
MPRegen 0.09/turn               (no ring)

@: no status effects
A: fangs 1, strong nose, distributed training
a: no special abilities


You were on level 5 of the Dungeon.
You visited 1 branch of the dungeon, and saw 1 of its levels.

Inventory:

Hand Weapons
 a - a +0 short sword (weapon)
Armour
 b - a +0 leather armour (worn)
Wands
 g - a wand of digging (3)
Scrolls
 c - a scroll of fog
 d - a scroll of magic mapping
 e - 2 scrolls of fear
Potions
 f - a potion of haste
 h - a potion of lignification {unknown}


   Skills:
 + Level 6.6 Fighting
 + Level 4.7 Short Blades
 + Level 1.2 Long Blades
 + Level 1.2 Axes
 + Level 1.2 Maces & Flails
 + Level 1.2 Polearms
 + Level 1.2 Staves
 + Level 1.2 Slings
 + Level 1.2 Bows
 + Level 1.2 Crossbows
 + Level 1.2 Throwing
 + Level 1.2 Armour
 + Level 4.7 Dodging
 + Level 9.6 Stealth
 + Level 1.2 Shields
 + Level 1.2 Unarmed Combat
 + Level 1.2 Spellcasting
 + Level 1.0 Conjurations
 + Level 1.0 Hexes
 + Level 1.0 Summonings
 + Level 1.0 Necromancy
 + Level 1.0 Translocations
 + Level 1.0 Transmutations
 + Level 1.0 Fire Magic
 + Level 1.0 Ice Magic
 + Level 1.0 Air Magic
 + Level 1.0 Earth Magic
 + Level 1.0 Poison Magic
 + Level 1.3 Invocations
 + Level 1.2 Evocations


You had 5 spell levels left.
You didn't know any spells.
Your spell library was empty.

Dungeon Overview and Level Annotations

Branches:
Dungeon (5/15)
 Temple: D:4-7

Altars:


Innate Abilities, Weirdness & Mutations

You have very sharp teeth.
Your uncanny sense of smell can sniff out nearby items.
Your experience applies equally to all skills.


Message History

You closely miss the hound. You punch the hound, but do no damage.
You bite the hound, but do no damage.
The hound is lightly wounded.
The hound barely misses you.
You hit the hound.
The hound is moderately wounded.
The hound closely misses you. The hound bites you.
You hit the hound. You bite the hound, but do no damage.
The hound is heavily wounded.
The gnoll hits you from afar with a +0 spear.
The hound bites you.
You barely miss the hound.
The hound is heavily wounded.
The hound barely misses you.
The gnoll hits you from afar with a +0 spear!
You hit the hound but do no damage.
The hound is heavily wounded.
The hound bites you but does no damage. The gnoll hits you but does no damage.
The gnoll hits you with a +0 club.
You hit the gnoll. You bite the gnoll, but do no damage.
The gnoll is moderately wounded.
The hound completely misses you. The hound bites you.
The gnoll hits you but does no damage. The gnoll hits you with a +0 club.
* * * LOW HITPOINT WARNING * * *
You hit the gnoll but do no damage.
The gnoll is moderately wounded.
The hound barely misses you.
You barely miss the gnoll.
The gnoll is moderately wounded.
The hound bites you.
* * * LOW HITPOINT WARNING * * *
The gnoll hits you from afar with a +0 spear.
* * * LOW HITPOINT WARNING * * *
The gnoll barely misses you.
You hit the gnoll.
The gnoll is severely wounded.
The hound bites you.
* * * LOW HITPOINT WARNING * * *
The gnoll hits you but does no damage. The gnoll hits you with a +0 club.
You die...

######## ##### #.......
......###########.......
.[g...#.................
..g...g.................
s.g...#h#########.......
..... #@# #....... ....
#g# #....... ... ..#
####....... ## ####
#.......... #....######
#....# #....# #....#
######


You could see a hound and 2 gnolls.

Vanquished Creatures
  A black bear (D:5)
  A white imp (D:5)
  An orc (D:5)
3 creatures vanquished.

Notes
Turn   | Place    | Note
-------+----------+-------------------------------------------
     0 | D:5      | Reached skill level 9 in Stealth
     0 | D:5      | DocClef the Gnoll Delver began the quest for the Orb.
     0 | D:5      | Reached XP level 1. HP: 23/23 MP: 1/1
    18 | D:5      | Reached XP level 2. HP: 19/29 MP: 2/2
   159 | D:5      | Noticed a black bear
   167 | D:5      | Killed a black bear
   168 | D:5      | Reached skill level 1 in Long Blades
   168 | D:5      | Reached skill level 1 in Axes
   168 | D:5      | Reached skill level 1 in Maces & Flails
   168 | D:5      | Reached skill level 1 in Polearms
   168 | D:5      | Reached skill level 1 in Staves
   168 | D:5      | Reached skill level 1 in Slings
   168 | D:5      | Reached skill level 1 in Bows
   168 | D:5      | Reached skill level 1 in Crossbows
   168 | D:5      | Reached skill level 1 in Throwing
   168 | D:5      | Reached skill level 1 in Armour
   168 | D:5      | Reached skill level 1 in Shields
   168 | D:5      | Reached skill level 1 in Unarmed Combat
   168 | D:5      | Reached skill level 1 in Spellcasting
   168 | D:5      | Reached skill level 1 in Conjurations
   168 | D:5      | Reached skill level 1 in Hexes
   168 | D:5      | Reached skill level 1 in Summonings
   168 | D:5      | Reached skill level 1 in Necromancy
   168 | D:5      | Reached skill level 1 in Translocations
   168 | D:5      | Reached skill level 1 in Transmutations
   168 | D:5      | Reached skill level 1 in Fire Magic
   168 | D:5      | Reached skill level 1 in Ice Magic
   168 | D:5      | Reached skill level 1 in Air Magic
   168 | D:5      | Reached skill level 1 in Earth Magic
   168 | D:5      | Reached skill level 1 in Poison Magic
   168 | D:5      | Reached skill level 1 in Invocations
   168 | D:5      | Reached skill level 1 in Evocations
   168 | D:5      | Reached XP level 3. HP: 35/35 MP: 2/4
   168 | D:5      | Reached XP level 4. HP: 41/41 MP: 2/5
   238 | D:5      | Noticed a scorpion
   250 | D:5      | HP: 1/41 [hound (4)]
   250 | D:5      | Slain by a gnoll

Illustrated notes

Levels and vault maps discovered:
D:5:      layout_basic

Skill      XL: |  1  2 |
---------------+-------+-----
Stealth        | |  9.6
Long Blades    | 1 |  1.2
Axes           | 1 |  1.2
Maces & Flails | 1 |  1.2
Polearms       | 1 |  1.2
Staves         | 1 |  1.2
Slings         | 1 |  1.2
Bows           | 1 |  1.2
Crossbows      | 1 |  1.2
Throwing       | 1 |  1.2
Armour         | 1 |  1.2
Shields        | 1 |  1.2
Unarmed Combat | 1 |  1.2
Spellcasting   | 1 |  1.2
Conjurations   | 1 |  1.0
Hexes          | 1 |  1.0
Summonings     | 1 |  1.0
Necromancy     | 1 |  1.0
Translocations | 1 |  1.0
Transmutations | 1 |  1.0
Fire Magic     | 1 |  1.0
Ice Magic      | 1 |  1.0
Air Magic      | 1 |  1.0
Earth Magic    | 1 |  1.0
Poison Magic   | 1 |  1.0
Invocations    | 1 |  1.3
Evocations     | 1 |  1.2
Fighting       | |  6.6
Short Blades   | |  4.7
Dodging        | |  4.7

Action                   |  1- 3 |  4- 6 || total
-------------------------+-------+-------++-------
Melee: Short sword       |     7 |    10 ||    17
       Bite              |       |     3 ||     3
       Punch             |       |     1 ||     1
 Stab: Sleeping          |     2 |       ||     2
Armor: Leather armour    |     1 |     4 ||     5
Dodge: Dodged            |     2 |     7 ||     9

Table legend: (Time is in decaauts)
 A = Elapsed time spent in this place.
 B = Non-inter-level travel time spent in this place.
 C = Inter-level travel time spent in this place.
 D = Time resting spent in this place.
 E = Time spent auto-exploring this place.
 F = Levels seen in this place.
 G = Mean time per level.
                   A        B        C        D        E       F      G
               +--------+--------+--------+--------+--------+-----+--------+
         Total |    247 |    247 |      0 |      0 |    215 |   1 |  247.0 |
       Dungeon |    247 |    247 |      0 |      0 |    215 |   1 |  247.0 |
               +--------+--------+--------+--------+--------+-----+--------+

Top non-repeatable levels by time:
     D:5: 247 daAuts
